 Dungeon Crawl Stone Soup version 0.22.0-38-g04b72b8 (webtiles) character file.

32775 Loudmushroom the Cleaver (level 13, -6/184 HPs)
             Began as a Minotaur Berserker on Aug 26, 2018.
             Was a High Priest of Trog.
             Mangled by an entropy weaver (8 damage)
             ... on level 4 of the Lair of Beasts on Aug 27, 2018.
             The game lasted 01:58:02 (20164 turns).

Loudmushroom the Cleaver (Minotaur Berserker)      Turns: 20164, Time: 01:58:03

Health: -6/184     AC:  1    Str: 28    XL:     13   Next: 33%
Magic:  15/15      EV: 15    Int:  4    God:    Trog [*****.]
Gold:   820        SH: 13    Dex: 14    Spells: 12/12 levels left

rFire    + + .     SeeInvis .   a - +0 war axe
rCold    x . .     Gourm    +   P - +2 shield
rNeg     . . .     Faith    .   u - +0 fire dragon scales
rPois    +         Spirit   .   (helmet restricted)
rElec    .         Reflect  .   (no cloak)
rCorr    .         Harm     .   Q - +1 pair of gloves
MR       +....                  k - +1 pair of boots
Stlth    ..........             i - amulet of the gourmand
HPRegen  0.40/turn              D - ring of poison resistance
MPRegen  0.14/turn              O - ring of protection from magic

@: berserking, corroded, very quick
A: retaliatory headbutt, horns 2
a: Berserk, Trog's Hand, Brothers in Arms, Renounce Religion


You were on level 4 of the Lair of Beasts.
You worshipped Trog.
Trog was extremely pleased with you.
You were full.

You visited 3 branches of the dungeon, and saw 15 of its levels.
You also visited: Volcano.

You collected 820 gold pieces.

Inventory:

Hand Weapons
 a - a +0 war axe (weapon)
 b - a +0 fustibalus
 g - a +1 hand axe
 l - a +0 morningstar
 x - a +0 arbalest
 E - a +0 arbalest of flaming
 J - a +1 scimitar of flaming
 N - a +2 antimagic battleaxe
 X - a +0 shortbow
Missiles
 e - 358 stones
 q - 298 arrows
 t - 23 poisoned needles
 w - 97 bolts
 C - 11 tomahawks
 R - 162 sling bullets
 U - 8 javelins (quivered)
Armour
 k - a +1 pair of boots (worn)
 n - a +0 plate armour
 u - +0 fire dragon scales (worn)
 F - +0 acid dragon scales
 P - a +2 shield (worn)
 Q - a +1 pair of gloves (worn)
 Y - a +3 ring mail of fire resistance
Jewellery
 i - an amulet of the gourmand (around neck)
 D - a ring of poison resistance (left hand)
 L - a +4 ring of strength
 O - a ring of protection from magic (right hand)
Wands
 y - a wand of iceblast (10)
 B - a wand of paralysis (17)
 W - a wand of polymorph (14)
Scrolls
 d - 8 scrolls of remove curse
 f - 2 scrolls of identify
 h - a scroll of blinking
 m - 3 scrolls of immolation
 r - 2 scrolls of magic mapping
 G - 2 scrolls of teleportation
 V - a scroll of enchant weapon
 Z - a scroll of fog
Potions
 j - 2 potions of resistance
 p - 4 potions of lignification
 s - 3 potions of might {unknown}
 v - 3 potions of agility {unknown}
 z - 4 potions of haste
 A - a potion of mutation
 H - a potion of ambrosia {unknown}
 I - 2 potions of berserk rage {unknown}
 K - 3 potions of heal wounds
 M - 4 potions of curing {unknown}
 S - a potion of flight {unknown}
 T - a potion of brilliance
Comestibles
 c - 24 rations
 o - 3 chunks of flesh


   Skills:
 * Level 13.9 Fighting
 - Level 14.0 Axes
 + Level 12.2 Armour
 + Level 11.3 Dodging
 + Level 5.1 Shields
 - Level 5.0 Evocations


You had 12 spell levels left.
You didn't know any spells.
Your spell library contained the following spells:

 Spells                   Type           Power        Failure   Level  Hunger
 Animate Skeleton         Necr           N/A          99%         1    ##.....
 Corona                   Hex            #......      99%         1    ##.....
 Pain                     Necr           #...         99%         1    ##.....
 Slow                     Hex            #.......     100%        2    ###....
 Inner Flame              Hex/Fire       #.......     100%        3    ####...
 Portal Projectile        Hex/Tloc       #.....       100%        3    ####...
 Regeneration             Chrm/Necr      #.........   100%        3    ####...
 Vampiric Draining        Necr           #.........   100%        3    ####...
 Animate Dead             Necr           N/A          100%        4    #####..
 Cause Fear               Hex            #.........   100%        4    #####..
 Leda's Liquefaction      Hex/Erth       #.........   100%        4    #####..


Dungeon Overview and Level Annotations

Branches:
Dungeon (10/15)            Temple (0/1) D:6            Lair (4/6) D:9
  Snake (1/4) Lair:2
  Swamp: Lair:2-4    Shoals: Lair:2-4       Orc: D:9-12

Altars:
Ashenzari
Dithmenos
Fedhas
Sif Muna
Wu Jian
Xom
The Shining One

Shops:
D:4 [:*?(   D:10 :

Annotations:
D:7 exclusion: oklob plant


Innate Abilities, Weirdness & Mutations

You reflexively headbutt those who attack you in melee.
You have a pair of horns on your head.


Message History

The entropy weaver is moderately wounded.
The entropy weaver hits you!
* * * LOW HITPOINT WARNING * * *
The entropy weaver hits you!
* * * LOW HITPOINT WARNING * * *
The entropy weaver closely misses you. The entropy weaver barely misses you.
A red film seems to cover your vision as you go berserk!
You feel yourself moving faster!
You feel mighty! The entropy weaver barely misses you.
The entropy weaver hits you!
* * * LOW HITPOINT WARNING * * *
You block the entropy weaver's attack. The entropy weaver barely misses you.
You slice the entropy weaver!!
You headbutt the entropy weaver, but do no damage.
The entropy weaver is heavily wounded.
The entropy weaver casts a spell.
The entropic weave corrodes you!
Your shield and fire dragon scales prevent you from hitting the entropy weaver.
The entropy weaver is heavily wounded.
The entropy weaver hits you!
You die...

.....♣ #.... ....♣ ##...
## ...♣♣ ♣...P .## ...♣
♣...## #..### ...♣ ♣....#
.....## ...♣§§ ♣....##
#....... ...♣♣§ ♣♣.....#
........
.<..♣♣§♣♣......###........
...♣#..§^......#@a#......$
..#..##.#.......##a#
########........#a#a# #
##.......## .# ##.......#
.. #.......#.#..a
##......##...#.
####......# ...##a
##.##...#..# ..a a.


You could see an entropy weaver, a soldier ant and a worker ant.

Vanquished Creatures
  A fire dragon (Volcano)
  3 hydras
  Harold (Lair:1)
  Erica (D:8)
  9 two-headed ogres
  A fire crab (Lair:4)
  3 salamanders (Volcano)
  6 elephants
  A black mamba (Lair:2)
  A torpor snail (Lair:3)
  A gargoyle (D:10)
  6 spiny frogs
  Psyche (D:9)
  5 polar bears
  2 trolls (D:10)
  8 blink frogs
  5 hippogriffs
  Sigmund (D:3)
  9 wyverns
  6 yaks
  2 basilisks
  4 fire bats (Volcano)
  Menkaure (D:6)
  4 nagas (Lair:2)
  A soldier ant (Lair:4)
  An acid dragon (D:10)
  7 water moccasins
  3 porcupines
  4 ice beasts
  4 sky beasts
  An orc warrior (D:10)
  6 black bears
  A phantom (D:7)
  4 ogres
  2 necrophages
  11 crocodiles
  5 centaurs
  9 wolves
  20 bullfrogs
  A gnoll sergeant (D:9)
  2 scorpions
  12 killer bees
  2 howler monkeys
  4 crimson imps
  A bullfrog zombie (D:6)
  7 hounds
  9 jellies
  7 orc wizards
  A centaur skeleton (D:6)
  3 orc priests
  A bullfrog skeleton (D:9)
  An iguana (D:7)
  13 worker ants
  2 killer bee zombies
  2 hound zombies
  A hound skeleton (D:7)
  Robin (D:2)
  3 worker ant zombies
  10 adders
  4 gnolls (D:9)
  2 river rats (Lair:1)
  4 shadow imps
  6 oozes
  An adder skeleton (D:9)
  An adder zombie (D:6)
  6 worms
  2 dart slugs
  12 leopard geckos
  24 orcs
  5 giant cockroaches
  14 goblins
  12 hobgoblins
  16 jackals
  10 kobolds
  6 quokkas
  2 ball pythons
  4 bats
  6 frilled lizards
  A jackal skeleton (D:5)
  3 rats
  A bush (Lair:3)
  A fungus (Lair:2)
  19 plants
406 creatures vanquished.

Vanquished Creatures (others)
  A wyvern (Volcano)
  9 bushes
  A fungus (Lair:2)
  47 plants (Volcano)
58 creatures vanquished.

Grand Total: 464 creatures vanquished

Notes
Turn   | Place    | Note
-------+----------+-------------------------------------------
     0 | D:1      | Loudmushroom the Minotaur Berserker began the quest for the Orb.
     0 | D:1      | Reached XP level 1. HP: 19/19 MP: 0/0
    86 | D:1      | Reached XP level 2. HP: 13/27 MP: 1/1
    93 | D:1      | Reached skill level 4 in Axes
   683 | D:1      | Reached XP level 3. HP: 30/33 MP: 2/2
   803 | D:1      | Reached ** piety under Trog
  1124 | D:2      | Found a glowing golden altar of the Shining One.
  1304 | D:2      | Found a shattered altar of Ashenzari.
  1573 | D:2      | Reached XP level 4. HP: 37/40 MP: 3/3
  1755 | D:2      | Noticed Robin
  1773 | D:2      | Killed Robin
  1773 | D:2      | Reached skill level 5 in Axes
  2196 | D:3      | Reached *** piety under Trog
  2395 | D:3      | Reached XP level 5. HP: 44/47 MP: 4/4
  2656 | D:3      | Noticed Sigmund
  2674 | D:3      | Killed Sigmund
  2674 | D:3      | Reached skill level 6 in Axes
  2674 | D:3      | Reached XP level 6. HP: 55/55 MP: 5/5
  2679 | D:3      | Reached skill level 5 in Fighting
  3427 | D:4      | Found Ymu Edutz's General Store.
  3618 | D:4      | Found Deanintus's Antique Weapon Shoppe.
  3707 | D:4      | Reached XP level 7. HP: 61/61 MP: 6/6
  3711 | D:4      | Found Kappik's Book Emporium.
  3845 | D:4      | Found Sulysith's Armour Boutique.
  3902 | D:4      | Found Zodeceri's Magic Scroll Shop.
  4018 | D:5      | Entered Level 5 of the Dungeon
  4052 | D:5      | Noticed a two-headed ogre
  4070 | D:5      | Killed a two-headed ogre
  4070 | D:5      | Reached **** piety under Trog
  4070 | D:5      | Reached skill level 8 in Axes
  4070 | D:5      | Reached skill level 5 in Armour
  4070 | D:5      | Reached skill level 5 in Dodging
  4070 | D:5      | Reached XP level 8. HP: 24/71 MP: 7/7
  4553 | D:5      | Found an ornate altar of the Wu Jian Council.
  4786 | D:5      | Reached skill level 9 in Axes
  5459 | D:6      | Noticed Menkaure
  5467 | D:6      | Killed Menkaure
  5657 | D:6      | Reached XP level 9. HP: 76/79 MP: 8/8
  5798 | D:6      | Reached skill level 1 in Evocations
  5869 | D:6      | Found a deep blue altar of Sif Muna.
  6308 | D:6      | Found a staircase to the Ecumenical Temple.
  6378 | D:6      | Reached skill level 10 in Axes
  6924 | D:7      | Found a blossoming altar of Fedhas.
  6944 | D:7      | Noticed an oklob plant
  7172 | D:7      | Found a shimmering altar of Xom.
  7664 | D:7      | Found a shadowy altar of Dithmenos.
  7893 | D:8      | Reached skill level 11 in Axes
  7927 | D:8      | Reached XP level 10. HP: 88/88 MP: 11/11
  7934 | D:8      | Reached ***** piety under Trog
  8015 | D:8      | Noticed Erica
  8037 | D:8      | Killed Erica
  8802 | D:9      | Noticed Psyche
  8818 | D:9      | Killed Psyche
  8858 | D:9      | Noticed a two-headed ogre
  8872 | D:9      | Killed a two-headed ogre
  8872 | D:9      | Reached skill level 12 in Axes
  9623 | D:9      | Noticed a two-headed ogre
  9629 | D:9      | Killed a two-headed ogre
  9629 | D:9      | Reached XP level 11. HP: 97/97 MP: 13/13
  9914 | D:9      | Found a staircase to the Lair.
 10060 | D:10     | Entered Level 10 of the Dungeon
 10162 | D:10     | Found Udukhit's Book Boutique.
 11719 | Lair:1   | Entered Level 1 of the Lair of Beasts
 12122 | Lair:1   | Reached skill level 5 in Evocations
 12157 | Lair:1   | Reached skill level 13 in Axes
 12222 | Lair:1   | Reached skill level 10 in Fighting
 12312 | Lair:1   | Noticed an eight-headed hydra
 12320 | Lair:1   | Killed a five-headed hydra
 12609 | Lair:1   | Noticed Harold
 12621 | Lair:1   | Reached skill level 10 in Armour
 12630 | Lair:1   | Killed Harold
 12902 | Lair:1   | Received a gift from Trog
 13776 | Lair:2   | Noticed a five-headed hydra
 13790 | Lair:2   | Killed a three-headed hydra
 13790 | Lair:2   | Reached skill level 14 in Axes
 13790 | Lair:2   | Reached XP level 12. HP: 108/108 MP: 14/14
 14556 | Lair:1   | Reached skill level 10 in Dodging
 15185 | Lair:2   | Found a staircase to the Snake Pit.
 15853 | Snake:1  | Entered Level 1 of the Snake Pit
 16222 | Lair:3   | Noticed a four-headed hydra
 16231 | Lair:2   | Reached skill level 1 in Shields
 16343 | Lair:3   | Killed a one-headed hydra
 17810 | Lair:4   | Found a dark tunnel.
 17821 | Volcano  | Entered a volcano
 18254 | Volcano  | Noticed a two-headed ogre
 18282 | Volcano  | Killed a two-headed ogre
 18466 | Volcano  | Reached XP level 13. HP: 122/122 MP: 15/15
 19318 | Volcano  | Noticed a fire dragon
 19346 | Volcano  | Killed a fire dragon
 19346 | Volcano  | Reached skill level 5 in Shields
 20140 | Lair:4   | Noticed an entropy weaver
 20145 | Lair:4   | Noticed an entropy weaver
 20162 | Lair:4   | HP: 1/184 [entropy weaver (17)]
 20164 | Lair:4   | Mangled by an entropy weaver

Skill      XL: |  1  2  3  4  5  6  7  8  9 10 11 12 13 |
---------------+----------------------------------------+-----
Axes           | 4 5 6 8 9 11 12 14 | 14.0
Fighting       | 4 5 6 7 8 9 10 13 | 13.9
Armour         | 3 4 5 6 8 9 10 11 12 | 12.2
Dodging        | 3 4 5 6 7 8 9 10 11 | 11.3
Evocations     | 3 4 5 |  5.0
Shields        | 3 5 |  5.1

Action                   |  1- 3 |  4- 6 |  7- 9 | 10-12 | 13-15 || total
-------------------------+-------+-------+-------+-------+-------++-------
Melee: Hand axe          |   126 |   154 |   296 |   501 |       ||  1077
       Headbutt          |    18 |    21 |    63 |   276 |    56 ||   434
       War axe           |       |       |       |   482 |   159 ||   641
       Scimitar          |       |       |       |     9 |       ||     9
 Fire: Arbalest          |       |       |     7 |       |       ||     7
       Shortbow          |       |       |       |     7 |       ||     7
       Fustibalus        |       |       |       |     3 |       ||     3
Invok: Berserk           |       |     1 |     4 |     7 |     2 ||    14
       Trog's Hand       |       |     1 |     1 |     7 |       ||     9
  Use: Scroll            |       |       |    13 |    13 |       ||    26
  Eat: Chunk             |     2 |     9 |    26 |    43 |     5 ||    85
Armor: Animal skin       |     4 |       |       |       |       ||     4
       Chain mail        |    24 |       |       |       |       ||    24
       Plate armour      |    29 |    86 |   158 |   523 |    11 ||   807
       Fire dragon scale |       |       |       |       |    24 ||    24
Dodge: Dodged            |    58 |    65 |   131 |   465 |    56 ||   775
Block: Buckler           |       |     5 |     3 |       |       ||     8
       Shield            |       |       |       |   100 |    69 ||   169
       Rpst.: Scimitar   |       |       |       |     3 |       ||     3
